 Dungeon Crawl Stone Soup version 0.31.0-32-g396128a36d (webtiles) character file.

Game seed: 12186480828729580964

112 PaiMei the Grave Robber (level 4, -7/32 HPs)
             Began as a Demonspawn Necromancer on Mar 30, 2024.
             Mangled by a gnoll
             ... wielding a +0 flail
              (13 damage)
             ... on level 3 of the Dungeon.
             The game lasted 00:03:51 (2295 turns).

PaiMei the Grave Robber (Demonspawn Necromancer)    Turns: 2295, Time: 00:03:52

Health: -7/32      AC:  4    Str:  8    XL:     4   Next: 63%
Magic:  3/8        EV: 12    Int: 18    God:
Gold:   180        SH:  0    Dex: 13    Spells: 7/8 levels left

rFire   . . .        s - +1 war axe (vamp)
rCold   . . .        (no shield)
rNeg    . . .        a - +0 robe
rPois   .            (no helmet)
rElec   .            (no cloak)
rCorr   .            (no gloves)
SInv    .            (no boots)
Will    .....        (no amulet)
Stlth   ++           (no ring)
HPRegen 0.25/turn    (no ring)
MPRegen 0.22/turn

%: no passive effects
@: no status effects
A: icy blue scales 1, powered by pain 1, magic regeneration
a: no special abilities


You were on level 3 of the Dungeon.
You visited 1 branch of the dungeon, and saw 3 of its levels.

You collected 180 gold pieces.

Inventory:

Hand Weapons
 e - a +0 short sword
 s - a +1 vampiric war axe (weapon)
Missiles
 j - 9 poisoned darts (quivered)
Armour
 a - a +0 robe (worn)
Jewellery
 o - an amulet of guardian spirit
Scrolls
 d - a scroll of acquirement {unknown}
 f - a scroll of vulnerability {unknown}
 g - 2 scrolls of identify {unknown}
 h - 2 scrolls of noise {unknown}
 i - a scroll of enchant weapon {unknown}
 l - a scroll of fear {unknown}
 p - a scroll of silence {unknown}
 q - a scroll of revelation {unknown}
 r - a scroll of teleportation {unknown}
Potions
 b - a potion of magic
 c - a potion of curing {unknown}
 k - a potion of resistance {unknown}
 m - a potion of might {unknown}
 n - 3 potions of heal wounds {unknown}


   Skills:
 + Level 1.5 Fighting
 + Level 2.6 Dodging
 - Level 2.0 Stealth
 + Level 2.8 Spellcasting
 + Level 5.1 Necromancy


You had 7 spell levels left.
You knew the following spells:

 Your Spells              Type           Power      Damage    Failure   Level
a - Necrotise             Necr           84%        1d8       1%          1

Your spell library contained the following spells:

 Spells                   Type           Power      Damage    Failure   Level
 Vampiric Draining        Necr           21%        2d7       6%          3
 Summon Small Mammal      Summ           8%         N/A       17%         1
 Animate Dead             Necr           21%        N/A       21%         4
 Call Canine Familiar     Summ           2%         N/A       45%         3
 Curse of Agony           Necr           21%        N/A       50%         5
 Summon Blazeheart Golem  Fire/Summ      2%         N/A       86%         4


Dungeon Overview and Level Annotations

Branches:
Dungeon (3/15)

Altars:


Innate Abilities, Weirdness & Mutations

You are partially covered in icy blue scales. (AC +2)
You sometimes gain a little power by taking damage.
You regenerate magic rapidly.


Message History

Confirm with . or Enter, or press ? or * to list all spells.
Aiming: Necrotise (safe; 1% risk of failure)
Press: ? - help, Shift-Dir - straight line, f/p - gnoll
Aim: a gnoll, wielding a +0 club (heavily wounded, ally target, chance to affect: 84%)
The gnoll writhes in agony.
The gnoll hits you with a +0 club. The gnoll hits you with a +0 flail!
* * * LOW HITPOINT WARNING * * *
Casting: Necrotise (safe; 1% risk of failure)
Confirm with . or Enter, or press ? or * to list all spells.
Aiming: Necrotise (safe; 1% risk of failure)
Press: ? - help, Shift-Dir - straight line, f/p - gnoll
Aim: a gnoll, wielding a +0 club (severely wounded, ally target, chance to affect: 84%)
The gnoll writhes in agony!
You kill the gnoll!
The dead are walking!
The gnoll barely misses you.
Casting: Necrotise (safe; 1% risk of failure)
Confirm with . or Enter, or press ? or * to list all spells.
Aiming: Necrotise (safe; 1% risk of failure)
Press: ? - help, Shift-Dir - straight line, f - gnoll
Aim: a gnoll, wielding a +0 flail (ally target, chance to affect: 85%)
The gnoll writhes in agony!
Your kobold skeleton crumbles into dust!
The gnoll barely misses you.
You swap places.
The gnoll hits your gnoll skeleton with a +0 flail!
Your gnoll skeleton is destroyed!
You see here a +0 flail.
Casting: Necrotise (safe; 1% risk of failure)
Confirm with . or Enter, or press ? or * to list all spells.
Aiming: Necrotise (safe; 1% risk of failure)
Press: ? - help, Shift-Dir - straight line, f/p - gnoll
Aim: a gnoll, wielding a +0 flail (heavily wounded, ally target, chance to affect: 85%)
The gnoll writhes in agony.
Casting: Necrotise (safe; 1% risk of failure)
Confirm with . or Enter, or press ? or * to list all spells.
Aiming: Necrotise (safe; 1% risk of failure)
Press: ? - help, Shift-Dir - straight line, f/p - gnoll
Aim: a gnoll, wielding a +0 flail (severely wounded, ally target, chance to affect: 85%)
The gnoll writhes in agony.
The gnoll hits you with a +0 flail!
You die...

.._......[)..##.#
...8...##..###.##.#
.......##.K###.##.#
..................#
#.#######g...#.#### #.
#.##.#.####### #.
#.##.#........
#.#######.##.########.
#).Zg@.)).##.#
############.# #.. #.#
#.#


You could see a gnoll (ally target) and a friendly gnoll skeleton.

Vanquished Creatures
  3 gnolls (D:3)
  An adder (D:3)
  A dart slug (D:1)
  2 ribbon worms (D:2)
  6 orcs (D:3)
  5 ball pythons
  3 endoplasms
  5 goblins
  6 hobgoblins
  7 kobolds
  2 quokkas (D:1)
  10 bats
  2 frilled lizards
  4 rats
57 creatures vanquished.

Vanquished Creatures (collateral kills)
  A hobgoblin (D:2)
  A rat (D:2)
2 creatures vanquished.

Grand Total: 59 creatures vanquished

Notes
Turn   | Place    | Note
-------+----------+-------------------------------------------
     0 | D:1      | PaiMei the Demonspawn Necromancer began the quest for the
                  | Orb.
     0 | D:1      | Reached XP level 1. HP: 13/13 MP: 3/3
   317 | D:1      | Gained mutation: You regenerate magic rapidly. [demonic
                  | ancestry]
   317 | D:1      | Reached XP level 2. HP: 19/19 MP: 3/5
  1038 | D:2      | Gained mutation: You sometimes gain a little power by
                  | taking damage. [demonic ancestry]
  1038 | D:2      | Reached XP level 3. HP: 25/25 MP: 4/6
  2008 | D:3      | Reached skill level 1 in Fighting
  2088 | D:3      | Gained mutation: You are partially covered in icy blue
                  | scales. (AC +2) [demonic ancestry]
  2088 | D:3      | Reached XP level 4. HP: 28/32 MP: 3/7
  2159 | D:3      | Found a faded altar of an unknown god.
  2180 | D:3      | Reached skill level 5 in Necromancy
  2295 | D:3      | Mangled by a gnoll

Illustrated notes

Levels and vault maps discovered:
D:1:      dpeg_arrival_tiny_g, layout_loops_ring
D:2:      layout_basic, minmay_liquid_box,
          nicolae_concentric_dashed_squares_mild, minmay_pentomino_w4
D:3:      kb_forest_paths, layout_loops_ring,
          mainiacjoe_overflow_small_starburst, grunt_temple_overflow_open,
          overflow_temple_1_default, dreamdust_ecumenical_altar_statues

Skill      XL: |  1  2  3  4 |
---------------+-------------+-----
Dodging        | 2 |  2.6
Stealth        | 2 |  2.0
Fighting       | 1 |  1.5
Necromancy     | 5 |  5.1
Spellcasting   | |  2.8

Action                     |  1- 3 |  4- 6 || total
---------------------------+-------+-------++-------
  Melee: Short sword       |     1 |     3 ||     4
   Cast: Necrotise         |    85 |    25 ||   110
 Armour: Robe              |    17 |     9 ||    26
  Dodge: Dodged            |    17 |     8 ||    25
